 Dungeon Crawl Stone Soup version 0.23.2-1-ga50397a (webtiles) character file.

Game seed: 6585005796931185203

2417 Iscandelvey the Scholar of Death (level 9, 0/59 HPs)
             Began as a Demonspawn Arcane Marksman on Apr 16, 2019.
             Was a Follower of Kikubaaqudgha.
             Slain by an orc warrior
             ... wielding a +0 glaive
              (5 damage)
             ... on level 8 of the Dungeon.
             The game lasted 00:55:38 (12573 turns).

Iscandelvey the Scholar of Death (DsAM)            Turns: 12573, Time: 00:55:39

Health: 0/59       AC: 12    Str: 15    XL:     9   Next: 23%
Magic:  13/17      EV: 14    Int: 19    God:    Kikubaaqudgha [*.....]
Gold:   328        SH:  0    Dex: 16    Spells: 13/19 levels left

rFire    . . .     SeeInvis .   o - +1 quarterstaff (protect)
rCold    x . .     Gourm    .   (shield currently unavailable)
rNeg     . . .     Faith    +   N - +1 leather armour of the Blacksmith {Int+4}
rPois    +         Spirit   .   (no helmet)
rElec    +         Reflect  .   (no cloak)
rCorr    .         Harm     .   y - +0 pair of gloves
MR       .....                  (boots unavailable)
Stlth    +.........             u - amulet of faith
HPRegen  0.19/turn              O - ring "Ytran" {rElec rPois rC- Str+3 Int-2}
MPRegen  0.15/turn              z - +3 ring of dexterity

@: protection aura
A: talons 3, powered by death 1
a: Receive Corpses, Renounce Religion


You were on level 8 of the Dungeon.
You worshipped Kikubaaqudgha.
Kikubaaqudgha was aware of your devotion.
You were not hungry.

You visited 2 branches of the dungeon, and saw 9 of its levels.

You collected 328 gold pieces.

Inventory:

Hand Weapons
 a - a +0 hand crossbow
 h - a +0 short sword
 m - a +0 hunting sling
 o - a +1 quarterstaff of protection (weapon)
 G - a +4 flail
 J - a +0 shortbow of freezing
Missiles
 d - 18 bolts
 i - 127 stones (quivered)
 n - 2 javelins
 s - 46 sling bullets
 K - 47 arrows
 P - a throwing net
Armour
 e - a +0 robe
 k - a +0 pair of boots
 y - a +0 pair of gloves (worn)
 N - the +1 leather armour of the Blacksmith (worn) {Int+4}
   (You found it on level 7 of the Dungeon)

   It affects your intelligence (+4).
Jewellery
 j - an uncursed ring of flight
 p - an uncursed amulet of guardian spirit
 u - an amulet of faith (around neck)
 z - a +3 ring of dexterity (right hand)
 L - an uncursed amulet of the acrobat {unknown}
 O - the ring "Ytran" (left hand) {rElec rPois rC- Str+3 Int-2}
   (You found it on level 7 of the Dungeon)

   [ring of strength]

   It affects your strength (+3).
   It affects your intelligence (-2).
   It makes you vulnerable to cold.
   It insulates you from electricity.
   It protects you from poison.
Wands
 C - a wand of digging (3)
 R - a wand of scattershot (6)
Scrolls
 b - 7 scrolls of identify
 c - a scroll of fear
 g - a scroll of fog {unknown}
 q - a scroll of blinking {unknown}
 r - 4 scrolls of teleportation
 w - a scroll of enchant armour {unknown}
 B - 2 scrolls of amnesia
 M - a scroll of magic mapping {unknown}
Potions
 l - 2 potions of flight {unknown}
 t - 3 potions of lignification
 v - a potion of brilliance {unknown}
 x - 2 potions of curing
 A - a potion of haste {unknown}
 D - 2 potions of heal wounds
 E - a potion of invisibility {unknown}
 F - a potion of berserk rage {unknown}
 H - a potion of cancellation {unknown}
 I - a potion of mutation {unknown}
 Q - a potion of agility {unknown}
Comestibles
 f - 14 rations
 S - 4 chunks of flesh


   Skills:
 - Level 1.0 Fighting
 - Level 6.0 Crossbows
 - Level 4.3 Dodging
 - Level 5.6 Spellcasting
 - Level 3.3 Hexes
 * Level 8.0 Necromancy


You had 13 spell levels left.
You knew the following spells:

 Your Spells              Type           Power        Failure   Level  Hunger
a - Corona                Hex            ###....      3%          1    None
b - Slow                  Hex            ###.....     5%          2    None
c - Vampiric Draining     Necr           #####.....   1%          3    ##.....

Your spell library contained the following spells:

 Spells                   Type           Power        Failure   Level  Hunger
 Pain                     Necr           ####         1%          1    None
 Corpse Rot               Necr           N/A          1%          2    None
 Sublimation of Blood     Necr           #####.....   1%          2    None
 Inner Flame              Hex/Fire       ##......     22%         3    ##.....
 Portal Projectile        Hex/Tloc       ##....       22%         3    ##.....
 Cause Fear               Hex            ###.......   34%         4    ####...
 Leda's Liquefaction      Hex/Erth       ##........   56%         4    ####...


Dungeon Overview and Level Annotations

Branches:
Dungeon (8/15)             Temple (1/1) D:4
   Lair: D:8-11

Altars:
Ashenzari
Cheibriados
Dithmenos
Elyvilon
Fedhas
Gozag
Hepliaklqana
Kikubaaqudgha
Makhleb
Nemelex Xobeh
Okawaru
Qazlal
Ru
Sif Muna
Trog
Uskayaw
Vehumet
Wu Jian
Xom
Yredelemnul
Zin
The Shining One

Annotations:
D:7 2 runed translucent doors, Flogoulo's ghost, novice FoFi


Innate Abilities, Weirdness & Mutations

You have claws for feet.
You regenerate a little health from kills.


Message History

Casting: Slow (safe; 5% risk of failure)
Confirm with . or Enter, or press ? or * to list all spells.
Aiming: Corona (safe; 3% risk of failure)
Press: ? - help, Shift-Dir - straight line, f/p - orc warrior
Aim: an orc warrior, wielding a +0 glaive and wearing a +0 plate armour (slow, chance to defeat MR: 56%)
The orc warrior is outlined in light.
The orc warrior hits you with a +0 glaive!!
You hit the orc warrior.
Your weapon exudes an aura of protection.
You claw the orc warrior!
The orc warrior is heavily wounded.
You sock the orc warrior! Your kick misses the orc warrior.
The orc warrior is almost dead.
The orc warrior hits you with a +0 glaive!
* * * LOW HITPOINT WARNING * * *
You barely miss the orc warrior. Your kick misses the orc warrior.
The orc warrior is almost dead.
The orc warrior hits you with a +0 glaive.
You die...
Kikubaaqudgha rasps: "You have failed me!
Welcome... death!"

.####..######...####........#
....#..##............)##....#
<##............................
.#.....##...................###
.......######...####.......##
.......# ##...## #.......#
##.##### #.....# #####.#######
#.# ######.###.# #.......# #.#
#......# #@# ##..####.## #.#
#.####.###o# #...####..y
#..)..# #.#....#.## #...#####
#...##.#.## #...#
..........##..... #...#
...............## ....o.
.........#####... .......
...y.....# #### ........
.........#


You could see an orc warrior.

Vanquished Creatures
  Prince Ribbit (D:6)
  A hippogriff (D:7)
  An orc warrior (D:7)
  2 phantoms
  A black bear (D:6)
  2 centaurs
  A necrophage (D:6)
  2 ogres (D:7)
  Blork the orc (D:6)
  A bullfrog (D:6)
  2 scorpions
  A killer bee (D:7)
  2 centaur zombies
  2 howler monkeys
  2 crimson imps (D:5)
  A bullfrog zombie (D:6)
  A centaur skeleton (D:7)
  A jelly (D:5)
  4 orc priests
  3 hounds
  2 orc wizards
  A gnoll shaman (D:6)
  An iguana (D:6)
  4 worker ants
  A worker ant zombie (D:5)
  Robin (D:2)
  11 adders
  3 gnolls
  2 oozes
  3 worms (D:3)
  A dart slug (D:3)
  7 leopard geckos
  24 orcs
  3 ball pythons
  3 giant cockroaches
  13 goblins
  7 hobgoblins
  3 jackals (D:7)
  3 quokkas
  4 bats
  4 frilled lizards
  9 kobolds
  A quokka skeleton (D:4)
  8 rats
151 creatures vanquished.

Vanquished Creatures (others)
  A hobgoblin (D:2)
1 creature vanquished.

Grand Total: 152 creatures vanquished

Notes
Turn   | Place    | Note
-------+----------+-------------------------------------------
     0 | D:1      | Iscandelvey the Demonspawn Arcane Marksman began the quest
                  | for the Orb.
     0 | D:1      | Reached XP level 1. HP: 15/15 MP: 2/2
   181 | D:1      | Gained mutation: You regenerate a little health from kills.
                  | [demonic ancestry]
   181 | D:1      | Reached XP level 2. HP: 21/21 MP: 3/3
  1082 | D:2      | Noticed Robin
  1354 | D:2      | Reached XP level 3. HP: 26/26 MP: 5/5
  1786 | D:2      | Learned a level 2 spell: Slow
  1861 | D:2      | Found an opulent altar of Gozag.
  2090 | D:2      | Found an opulent altar of Gozag.
  2090 | D:2      | Found a glowing golden altar of the Shining One.
  2090 | D:2      | Found a shadowy altar of Dithmenos.
  2533 | D:2      | Killed Robin
  2627 | D:2      | Reached XP level 4. HP: 15/32 MP: 4/7
  3686 | D:3      | Gained mutation: You have sharp toenails. [demonic
                  | ancestry]
  3686 | D:3      | Reached XP level 5. HP: 9/37 MP: 1/9
  4262 | D:3      | Found a faded altar of an unknown god.
  4556 | D:3      | Found a bloodstained altar of Trog.
  5385 | D:4      | Reached XP level 6. HP: 39/43 MP: 8/10
  5388 | D:4      | Found a staircase to the Ecumenical Temple.
  5396 | Temple   | Entered the Ecumenical Temple
  5689 | Temple   | Became a worshipper of Kikubaaqudgha
  6527 | D:5      | Entered Level 5 of the Dungeon
  7033 | D:5      | Gained mutation: You have razor-sharp toenails. [demonic
                  | ancestry]
  7033 | D:5      | Reached XP level 7. HP: 35/48 MP: 13/13
  7664 | D:6      | Noticed Blork the orc
  7679 | D:6      | Killed Blork the orc
  7860 | D:6      | Reached skill level 5 in Crossbows
  8032 | D:6      | Found a basalt altar of Yredelemnul.
  8057 | D:6      | Noticed Prince Ribbit
  8525 | D:6      | Reached skill level 5 in Spellcasting
  8896 | D:6      | Gained mutation: You have claws for feet. [demonic
                  | ancestry]
  8896 | D:6      | Reached XP level 8. HP: 14/53 MP: 15/15
  9792 | D:6      | Reached * piety under Kikubaaqudgha
  9792 | D:6      | Identified Kikubaaqudgha's Catalogue of Evil (Kikubaaqudgha
                  | gifted it to you on level 6 of the Dungeon)
  9792 | D:6      | Received a gift from Kikubaaqudgha
 10066 | D:6      | Killed Prince Ribbit
 10066 | D:6      | Reached skill level 3 in Necromancy
 10408 | D:7      | Found a sparkling altar of Nemelex Xobeh.
 10411 | D:7      | Found a large runed translucent door.
 10411 | D:7      | Found a large runed translucent door.
 10411 | D:7      | Found a burning altar of Makhleb.
 10412 | D:7      | Noticed a hippogriff
 10425 | D:7      | Killed a hippogriff
 10425 | D:7      | Reached skill level 4 in Necromancy
 10530 | D:7      | Got an encrusted whip
 10571 | D:7      | Reached skill level 5 in Necromancy
 10605 | D:7      | Noticed Flogoulo's ghost (novice FoFi)
 10931 | D:7      | Got a slimy leather armour
 10942 | D:7      | Identified the +1 leather armour of the Blacksmith {Int+4}
                  | (You found it on level 7 of the Dungeon)
 10949 | D:7      | Got a scorched silver ring
 10951 | D:7      | Identified the ring "Ytran" {rElec rPois rC- Str+3 Int-2}
                  | (You found it on level 7 of the Dungeon)
 10956 | D:7      | Learned a level 3 spell: Vampiric Draining
 11145 | D:7      | Reached skill level 6 in Necromancy
 11208 | D:7      | Reached XP level 9. HP: 58/58 MP: 11/17
 11789 | D:7      | Reached skill level 7 in Necromancy
 12515 | D:8      | Reached skill level 8 in Necromancy
 12573 | D:8      | Slain by an orc warrior

Skill      XL: |  1  2  3  4  5  6  7  8  9 |
---------------+----------------------------+-----
Crossbows      | 2 3 4 5 6 |  6.0
Dodging        | 2 3 4 |  4.3
Spellcasting   | 2 3 4 5 |  5.6
Necromancy     | 6 8 |  8.0
Fighting       | |  1.0
Hexes          | |  3.3

Action                   |  1- 3 |  4- 6 |  7- 9 || total
-------------------------+-------+-------+-------++-------
Melee: Short sword       |   104 |     3 |       ||   107
       Quarterstaff      |       |   168 |   303 ||   471
       Kick              |       |       |    51 ||    51
 Fire: Hand crossbow     |    36 |    26 |    28 ||    90
       Hunting sling     |    12 |    23 |       ||    35
       Shortbow          |       |       |    22 ||    22
 Cast: Corona            |     4 |     3 |    27 ||    34
       Slow              |     2 |     7 |    45 ||    54
  Use: Potion            |       |     3 |     2 ||     5
       Scroll            |       |     1 |     4 ||     5
 Stab: Sleeping          |     2 |       |       ||     2
  Eat: Chunk             |     6 |    10 |    19 ||    35
       Ration            |       |     1 |       ||     1
Armor: Robe              |    41 |    60 |    73 ||   174
       Leather armour    |       |       |    28 ||    28
Dodge: Dodged            |    97 |   150 |   277 ||   524
